Map: Ulrena

Players

Happy

  • Race: Terran Terran
  • League: Diamond

Has - Winner!

  • Race: Protoss Protoss

Event: DreamHack Open Tours WCS Spring Championship

VOD

https://www.youtube.com/watch?v=R9j1Js8qpLU

Description

Time

  • Played on: May 14, 2016, 12:09 p.m.
  • Length: 11:46

All games in this series

Show
View Real Time Build Order
Export as new Build Order

Happy Terran 

Build Orders: Bio Tank 

Get SALT Encoding   

  12  0:00  SCV  
  13  0:13  SCV  
  14  0:18  Supply Depot  
  14  0:25  SCV  
  15  0:30  Refinery  
  15  0:40  SCV  
  16  0:44  Barracks  
  16  0:52  SCV  
  18  1:04  SCV  
  18  1:16  SCV  
  19  1:31  Marine  
  19  1:32  Factory, Orbital Command  
  20  1:42  Supply Depot  
  20  1:49  Marine  
  21  1:58  SCV  
  22  2:07  Marine  
  23  2:27  Marine  
  24  2:30  SCV  
  24  2:44  SCV  
  25  2:47  Engineering Bay  
  25  2:48  Marine  
  26  2:54  Bunker  
  26  2:56  SCV  
  27  3:03  Widow Mine  
  29  3:06  Marine  
  29  3:08  SCV  
  31  3:14  Missile Turret  
  31  3:20  Starport  
  31  3:27  Supply Depot  
  31  3:32  Refinery  
  31  3:48  Factory Tech Lab  
  31  3:49  SCV, Marine  
  33  3:59  Medivac  
  35  4:06  Command Center  
  35  4:11  Barracks Reactor  
  35  4:13  SCV  
  36  4:22  Supply Depot  
  35  4:25  SCV  
  36  4:32  Barracks  
  36  4:38  Siege Tank  
  39  4:43  SCV  
  40  4:47  Supply Depot  
  40  4:57  Marine x2  
  40  4:59  SCV  
  41  5:11  SCV, Siege Tank  
  41  5:13  Medivac  
  47  5:18  Orbital Command  
  47  5:22  Barracks Tech Lab  
  47  5:27  Marine x2  
  49  5:33  SCV  
  49  5:35  Orbital Command  
  50  5:46  Engineering Bay  
  50  5:47  Marine x2, Stimpack  
  52  5:54  Marine  
  52  5:55  SCV  
  54  6:00  SCV  
  54  6:05  Marine  
  54  6:06  Siege Tank  
  54  6:07  SCV  
  59  6:12  Missile Turret  
  59  6:15  SCV  
  59  6:16  Refinery  
  59  6:19  SCV  
  59  6:21  Marine x2  
  62  6:27  Supply Depot, SCV  
  62  6:32  Medivac, SCV  
  66  6:38  Marine  
  65  6:44  Marine x2  
  65  6:46  SCV x2  
  69  6:49  Siege Tank  
  69  6:51  Supply Depot  
  72  6:56  Marine  
  72  6:58  SCV x2  
  73  7:04  Medivac  
  73  7:06  Marine  
  73  7:08  Barracks  
  76  7:10  SCV x2  
  76  7:12  Marine  
  76  7:14  Marine  
  80  7:16  Supply Depot  
  80  7:22  SCV  
  81  7:25  Supply Depot  
  81  7:27  Refinery  
  81  7:32  Siege Tank  
  84  7:37  Marine  
  84  7:40  Medivac  
  84  7:42  SCV  
  89  7:44  SCV  
  89  7:48  Combat Shields  
  89  7:54  Marine  
  89  7:55  SCV  
  91  7:59  Marine  
  91  8:00  Terran Infantry Weapons Level 1  
  91  8:01  Marine, Barracks Reactor  
  91  8:04  SCV  
  94  8:12  Marine  
  95  8:14  Starport Reactor  
  95  8:16  Marine  
  95  8:19  Marine  
  97  8:23  Supply Depot  
  97  8:26  Siege Tank  
  100  8:30  Marine  
  100  8:35  Barracks  
  100  8:37  Barracks  
  100  8:38  Marine x2  
  102  8:44  Marine  
  102  8:45  Supply Depot, Marine  
  102  8:47  Marine  
  105  8:55  Medivac x2  
  107  8:56  Marine x2  
  107  9:00  SCV  
  110  9:09  Marine x2  
  112  9:16  Marine x2  
  116  9:17  Supply Depot, Marauder, Ghost Academy  
  116  9:25  Medivac  
  116  9:26  Medivac, Siege Tank  
  116  9:27  Supply Depot  
  116  9:29  Barracks Tech Lab  
  123  9:48  Ghost x2  
  123  9:49  Marine x3  
  128  10:03  Marine x2  
  130  10:09  Siege Tank  
  130  10:13  Supply Depot  
  133  10:23  Marine x2  
  133  10:24  Barracks Tech Lab  
  133  10:26  Marine  
  135  10:38  Command Center  
  138  10:42  Marine, Siege Tank  
  109  11:03  Marauder x2, Marine x2  
  93  11:04  Marine  
  93  11:05  Marauder  
  93  11:06  Marine  
  91  11:21  Marine x2  
  91  11:23  Marine  
  91  11:25  Marauder  
  98  11:26  Marine  
Show
View Real Time Build Order
Export as new Build Order

Has Protoss - Winner!

Build Orders: Phoenix Opening 

Get SALT Encoding   

  12  0:08  Pylon  
  12  0:13  Probe (Chrono Boost)  
  13  0:27  Gateway  
  13  0:30  Probe (Chrono Boost)  
  14  0:41  Probe (Chrono Boost)  
  14  0:42  Assimilator  
  15  0:49  Assimilator  
  15  0:51  Probe (Chrono Boost)  
  16  1:02  Probe (Chrono Boost)  
  17  1:12  Probe (Chrono Boost)  
  17  1:14  Cybernetics Core  
  18  1:23  Probe (Chrono Boost)  
  19  1:33  Probe (Chrono Boost)  
  20  1:42  Pylon  
  20  1:45  Pylon  
  20  1:51  Pylon, Mothership Core (Chrono Boost)  
  22  1:58  Pylon  
  22  2:01  Pylon  
  22  2:07  Pylon  
  22  2:14  Pylon  
  21  2:24  Stargate  
  21  2:28  Probe (Chrono Boost)  
  22  2:38  Probe (Chrono Boost)  
  23  2:44  Warp Gate  
  23  2:50  Pylon  
  23  3:04  Pylon  
  23  3:08  Stalker (Chrono Boost)  
  23  3:09  Probe, Phoenix (Chrono Boost)  
  28  3:22  Probe, Pylon  
  29  3:32  Phoenix (Chrono Boost)  
  29  3:34  Probe  
  32  3:38  Stalker  
  34  3:58  Phoenix (Chrono Boost)  
  36  4:07  Gateway  
  36  4:09  Gateway  
  38  4:29  Nexus  
  36  4:34  Probe (Chrono Boost)  
  37  4:41  Phoenix  
  39  4:49  Probe (Chrono Boost)  
  40  4:59  Probe (Chrono Boost)  
  41  5:07  Pylon  
  41  5:10  Probe (Chrono Boost)  
  41  5:11  Adept x2  
  46  5:20  Probe (Chrono Boost)  
  47  5:27  Phoenix  
  49  5:32  Forge  
  49  5:34  Twilight Council  
  49  5:37  Probe (Chrono Boost)  
  50  5:45  Probe (Chrono Boost)  
  50  5:48  Probe (Chrono Boost)  
  52  5:55  Probe (Chrono Boost)  
  53  5:59  Probe (Chrono Boost)  
  54  6:06  Probe (Chrono Boost)  
  54  6:08  Phoenix  
  54  6:09  Probe (Chrono Boost)  
  58  6:13  Protoss Ground Weapons Level 1  
  58  6:16  Probe (Chrono Boost)  
  59  6:20  Probe (Chrono Boost)  
  59  6:24  Nexus  
  60  6:30  Probe (Chrono Boost)  
  60  6:31  Probe (Chrono Boost)  
  62  6:35  Resonating Glaives (Chrono Boost)  
  62  6:41  Probe  
  62  6:42  Gateway  
  62  6:46  Gateway  
  63  6:54  Probe, Pylon  
  65  7:03  Adept x3  
  70  7:12  Probe x2  
  72  7:18  Gateway  
  72  7:19  Gateway  
  72  7:21  Assimilator  
  72  7:23  Phoenix  
  72  7:26  Probe  
  72  7:27  Probe  
  76  7:37  Adept x3  
  76  7:40  Probe x3  
  85  7:49  Pylon  
  85  7:50  Phoenix  
  85  7:51  Pylon  
  87  7:52  Protoss Ground Armor Level 1  
  87  7:59  Adept x3  
  93  8:12  Adept x2  
  95  8:16  Assimilator  
  95  8:17  Adept x2  
  101  8:24  Adept x2  
  105  8:28  Pylon  
  105  8:30  Pylon  
  105  8:37  Adept x2  
  105  8:41  Pylon  
  109  8:43  Pylon  
  109  8:55  Adept x4  
  113  9:01  Adept x3  
  119  9:13  Pylon  
  119  9:22  Adept x7  
  133  9:30  Phoenix (Chrono Boost)  
  135  9:33  Pylon  
  135  9:34  Pylon  
  135  9:46  Adept x5  
  145  9:57  Phoenix (Chrono Boost)  
  147  10:04  Adept x2  
  143  10:08  Pylon, Adept x3  
  149  10:27  Adept x4  
  157  10:30  Adept x2  
  157  10:35  Phoenix (Chrono Boost)  
  157  10:40  Adept  
  153  10:56  Adept x5  
  153  10:57  Adept  
  111  11:09  Adept  
  107  11:17  Adept x6  
  119  11:23  Phoenix (Chrono Boost)  

Tags
 
Add a new tag
Caveats
  • Supply blocks, unpowered buildings, or Contaminate may cause inaccurate times.
  • Supply counts are checked every 10 seconds.